 Dungeon Crawl Stone Soup version 0.29-a0-286-g41199d4a87 (webtiles) character file.

Game seed: 3252677542139988252

74 epen the Sneak (level 4, 0/38 HPs)
             Began as a Gnoll Brigand on Mar 16, 2022.
             Succumbed to a water moccasin's poison
             ... in a sewer.
             The game lasted 00:03:38 (2404 turns).

epen the Sneak (Gnoll Brigand)                      Turns: 2404, Time: 00:03:39

Health: 0/38       AC:  4    Str:  8 (10) XL:     4   Next: 30%
Magic:  5/5        EV: 12    Int:  8 (11) God:
Gold:   54         SH:  0    Dex: 14 (15) Spells: 5/5 levels left

rFire   . . .      SeeInvis .   a - +2 dagger
rCold   . . .      Faith    .   (no shield)
rNeg    . . .      Spirit   .   b - +0 robe
rPois   .          Reflect  .   (no helmet)
rElec   .          Harm     .   c - +0 cloak
rCorr   .          Rampage  .   k - +0 pair of gloves
Will    .....                   (no boots)
Stlth   ++++......              h - amulet of regeneration
HPRegen 0.92/turn               i - ring of flight
MPRegen 0.09/turn               (no ring)

@: lethally poisoned (0 -> 0), flying, hasted, very quick
A: fangs 1, strong nose, distributed training
a: no special abilities


You were in a sewer.
You visited 1 branch of the dungeon, and saw 5 of its levels.
You also visited: Sewer.

You collected 54 gold pieces.

Inventory:

Hand Weapons
 a - a +2 dagger (weapon)
Missiles
 d - 11 poisoned darts (quivered)
Armour
 b - a +0 robe (worn)
 c - a +0 cloak (worn)
 k - a +0 pair of gloves (worn)
Jewellery
 h - an amulet of regeneration (around neck)
 i - a ring of flight (left hand)
Wands
 r - a wand of mindburst (11)
Scrolls
 g - a scroll of fear {unknown}
Potions
 f - a potion of haste
 l - a potion of magic
 q - a potion of degeneration


   Skills:
 + Level 4.6 Fighting
 + Level 4.6 Short Blades
 + Level 1.1 Long Blades
 + Level 1.1 Axes
 + Level 1.1 Maces & Flails
 + Level 1.1 Polearms
 + Level 1.1 Staves
 + Level 1.1 Slings
 + Level 1.1 Bows
 + Level 1.1 Crossbows
 + Level 4.6 Throwing
 + Level 1.1 Armour
 + Level 2.7 Dodging
 + Level 7.8 Stealth
 + Level 1.1 Shields
 + Level 1.1 Unarmed Combat
 + Level 1.1 Spellcasting
 + Level 0.8 Conjurations
 + Level 0.8 Hexes
 + Level 0.8 Summonings
 + Level 0.8 Necromancy
 + Level 0.8 Translocations
 + Level 0.8 Transmutations
 + Level 0.8 Fire Magic
 + Level 0.8 Ice Magic
 + Level 0.8 Air Magic
 + Level 0.8 Earth Magic
 + Level 0.8 Poison Magic
 + Level 1.2 Invocations
 + Level 1.1 Evocations


You had 5 spell levels left.
You didn't know any spells.
Your spell library contained the following spells:

 Spells                   Type           Power      Damage    Failure   Level
 Leda's Liquefaction      Hex/Erth       0%         N/A       95%         4
 Lee's Rapid Deconstruct  Erth           0%         3d5*      100%        5
 Statue Form              Tmut/Erth      0%         N/A       100%        6


Dungeon Overview and Level Annotations

Branches:
Dungeon (5/15)              Sewer (1/1)
 Temple: D:4-7

Altars:


Innate Abilities, Weirdness & Mutations

You have very sharp teeth.
Your uncanny sense of smell can sniff out nearby items.
Your experience applies equally to all skills.


Message History

The water moccasin closely misses you.
Okay, then.
* * * LOW HITPOINT WARNING * * *
You feel sick. The water moccasin bites your bat!
Your bat dies!
Your bat's corpse dissolves into shadows!
You swap places.
* * * LOW HITPOINT WARNING * * *
You feel sick.
Your ball python bites the water moccasin but does no damage.
Your ball python grabs the water moccasin.
Your ball python constricts the water moccasin.
* * * LOW HITPOINT WARNING * * *
You feel sick.
The water moccasin bites your endoplasm.
Your ball python barely misses the water moccasin.
Your ball python constricts the water moccasin.
Your endoplasm freezes the water moccasin.
The water moccasin is frozen.
* * * LOW HITPOINT WARNING * * *
You feel sick.
The water moccasin bites your endoplasm.
Your endoplasm dies!
Your endoplasm dissolves into shadows!
Your ball python bites the water moccasin.
Your ball python constricts the water moccasin.
* * * LOW HITPOINT WARNING * * *
You feel sick.
The water moccasin struggles to escape constriction.
* * * LOW HITPOINT WARNING * * *
You feel sick.
Your ball python bites the water moccasin.
Your ball python constricts the water moccasin.
The water moccasin struggles to escape constriction.
* * * LOW HITPOINT WARNING * * *
You feel sick.
The water moccasin struggles to escape constriction.
Your ball python bites the water moccasin.
Your ball python constricts the water moccasin.
You die...

### #≈# #≈# #≈#
######## #≈##
###......### .≈.#
###.≈≈.≈.@..S###
∆∆ .≈.#
###.≈≈≈.####.≈.S≈#
∆ .≈.###...≈.###
###..≈≈≈#
#≈≈≈....≈.##
#....((
.≈≈###.≈...#
..≈.## .≈.#
###....≈# ..##≈[
.≈.# ###.≈.≈≈ ##
∆! #≈## ##.... #≈#
####


You could see a water moccasin (ally target) and a friendly ball python
(summoned).

Vanquished Creatures
  An adder (D:2)
  A worm (D:3)
  3 dart slugs
  4 bats
  3 endoplasms (D:1)
  3 giant cockroaches
  5 goblins
  6 hobgoblins
  A jackal (Sewer)
  3 kobolds
  7 quokkas
  A ball python (D:2)
  6 frilled lizards (D:1)
  6 rats
50 creatures vanquished.

Notes
Turn   | Place    | Note
-------+----------+-------------------------------------------
     0 | D:1      | epen the Gnoll Brigand began the quest for the Orb.
     0 | D:1      | Reached XP level 1. HP: 20/20 MP: 1/1
   337 | D:1      | Reached XP level 2. HP: 26/26 MP: 2/2
   866 | D:1      | Reached XP level 3. HP: 31/31 MP: 3/3
  1034 | D:1      | Found a faded altar of an unknown god.
  1427 | D:2      | Reached skill level 1 in Invocations
  1946 | D:2      | Reached skill level 1 in Long Blades
  1946 | D:2      | Reached skill level 1 in Axes
  1946 | D:2      | Reached skill level 1 in Maces & Flails
  1946 | D:2      | Reached skill level 1 in Polearms
  1946 | D:2      | Reached skill level 1 in Staves
  1946 | D:2      | Reached skill level 1 in Slings
  1946 | D:2      | Reached skill level 1 in Bows
  1946 | D:2      | Reached skill level 1 in Crossbows
  1946 | D:2      | Reached skill level 1 in Armour
  1946 | D:2      | Reached skill level 1 in Shields
  1946 | D:2      | Reached skill level 1 in Unarmed Combat
  1946 | D:2      | Reached skill level 1 in Spellcasting
  1946 | D:2      | Reached skill level 1 in Evocations
  1988 | D:2      | Reached XP level 4. HP: 38/38 MP: 5/5
  2110 | D:3      | You are sucked into a shaft and drop 2 floors!
  2110 | D:5      | Entered Level 5 of the Dungeon
  2278 | D:3      | Found a glowing drain.
  2315 | Sewer    | Entered a sewer
  2374 | Sewer    | Noticed a water moccasin
  2401 | Sewer    | HP: 1/38 [poisoned by a water moccasin]
  2404 | Sewer    | Succumbed to a water moccasin's poison

Illustrated notes

Levels and vault maps discovered:
D:1:      dpeg_arrival_radiant, layout_basic,
          shapermc_ecumenical_altar_mp_vishouse
D:2:      layout_basic
D:3:      layout_loops_ring, portal_sewer_entry_f
D:4:      layout_basic
D:5:      layout_basic, uniq_duvessa, uniq_crazy_yiuf_cottage
Sewer:    sewer_the_moccasin

Skill      XL: |  1  2  3 |
---------------+----------+-----
Invocations    | 1 |  1.2
Long Blades    | 1 |  1.1
Axes           | 1 |  1.1
Maces & Flails | 1 |  1.1
Polearms       | 1 |  1.1
Staves         | 1 |  1.1
Slings         | 1 |  1.1
Bows           | 1 |  1.1
Crossbows      | 1 |  1.1
Armour         | 1 |  1.1
Shields        | 1 |  1.1
Unarmed Combat | 1 |  1.1
Spellcasting   | 1 |  1.1
Evocations     | 1 |  1.1
Fighting       | |  4.6
Short Blades   | |  4.6
Throwing       | |  4.6
Dodging        | |  2.7
Stealth        | |  7.8
Conjurations   | |  0.8
Hexes          | |  0.8
Summonings     | |  0.8
Necromancy     | |  0.8
Translocations | |  0.8
Transmutations | |  0.8
Fire Magic     | |  0.8
Ice Magic      | |  0.8
Air Magic      | |  0.8
Earth Magic    | |  0.8
Poison Magic   | |  0.8

Action                   |  1- 3 |  4- 6 || total
-------------------------+-------+-------++-------
Melee: Dagger            |    93 |    45 ||   138
       Bite              |     4 |     4 ||     8
Throw: Dart              |     2 |     9 ||    11
  Use: Scroll            |       |     7 ||     7
       Potion            |       |     4 ||     4
 Stab: Sleeping          |    21 |     6 ||    27
       Distracted        |     1 |       ||     1
Armor: Robe              |    16 |     4 ||    20
Dodge: Dodged            |    30 |    28 ||    58

Table legend: (Time is in decaauts)
 A = Elapsed time spent in this place.
 B = Non-inter-level travel time spent in this place.
 C = Inter-level travel time spent in this place.
 D = Time resting spent in this place.
 E = Time spent auto-exploring this place.
 F = Levels seen in this place.
 G = Mean time per level.
                   A        B        C        D        E       F      G
               +--------+--------+--------+--------+--------+-----+--------+
         Total |   2363 |   2240 |    123 |      0 |   1832 |   6 |  393.8 |
       Dungeon |   2286 |   2163 |    123 |      0 |   1789 |   5 |  457.2 |
         Sewer |     77 |     77 |      0 |      0 |     43 |   1 |   77.0 |
               +--------+--------+--------+--------+--------+-----+--------+

Top non-repeatable levels by time:
     D:1: 1391 daAuts
     D:2: 696 daAuts
     D:3: 107 daAuts
   Sewer: 77 daAuts
     D:4: 51 daAuts
     D:5: 39 daAuts
